 Dungeon Crawl Stone Soup version 0.21.1-1-g345015f (webtiles) character file.

122528 diana the Fencer (level 16, -3/134 HPs)
             Began as a Minotaur Gladiator on June 9, 2018.
             Was an Initiate of Gozag.
             Killed from afar by a thorn hunter (29 damage)
             ... with a volley of thorns
             ... on level 2 of the Swamp.
             The game lasted 01:16:41 (25001 turns).

diana the Fencer (Minotaur Gladiator)              Turns: 25001, Time: 01:16:41

Health: -3/134     AC: 24    Str: 25    XL:     16   Next: 34%
Magic:  21/21      EV: 27    Int:  5    God:    Gozag
Gold:   2767       SH:  0    Dex: 22    Spells: 15/15 levels left

rFire    . . .     SeeInvis +   S - +3 triple sword (slice)
rCold    . . .     Gourm    .   (shield currently unavailable)
rNeg     . . .     Faith    .   t - +4 scale mail
rPois    +         Spirit   .   e - +0 mask of the Dragon {MR+ Slay+3 SInv}
rElec    .         Reflect  .   Y - +2 cloak {rPois}
rCorr    .         Harm     .   k - +2 pair of gloves {Str+3}
MR       ++...                  u - +2 pair of boots
Stlth    ..........             n - amulet of regeneration
HPRegen  0.72/turn              o - ring of see invisible
MPRegen  0.17/turn              X - +2 ring of dexterity

@: no status effects
A: retaliatory headbutt, horns 2, agile 1, shaggy fur 1, strong 1
a: Potion Petition, Call Merchant, Bribe Branch, Renounce Religion


You were on level 2 of the Swamp.
You worshipped Gozag.
Gozag was most pleased with you.
You were near starving.

You visited 4 branches of the dungeon, and saw 26 of its levels.
You also visited: Ice Cave.

You collected 8925 gold pieces.
You spent 3963 gold pieces at shops.
You paid 2195 gold pieces to Gozag.

Inventory:

Hand Weapons
 w - the +4 rapier "Wisiof" {antimagic, rPois Dex+7}
   (You found it on level 6 of the Dungeon)

   It reduces the magical energy of the wielder, and disrupts the spells and
   magical abilities of those hit.
   Natural abilities and divine invocations are not affected.
   It affects your dexterity (+7).
   It protects you from poison.
 S - a +3 triple sword of slicing (weapon)
Missiles
 d - 6 throwing nets (quivered)
Armour
 e - the +0 mask of the Dragon (worn) {MR+ Slay+3 SInv}
   (You bought it in a shop on level 2 of the Orcish Mines)

   It affects your accuracy and damage with ranged weapons and melee attacks
   (+3).
   It affects your resistance to hostile enchantments.
   It lets you see invisible.
 k - a +2 pair of gloves of strength (worn)
 t - a +4 scale mail (worn)
 u - a +2 pair of boots (worn)
 Y - a +2 cloak of poison resistance (worn)
Jewellery
 n - an amulet of regeneration (around neck)
 o - a ring of see invisible (left hand)
 G - an uncursed ring of resist corrosion
 X - a +2 ring of dexterity (right hand)
Wands
 b - a wand of enslavement (17)
 v - a wand of digging (14)
 x - a wand of paralysis (16)
 F - a wand of polymorph (13)
 I - a wand of iceblast (5)
Scrolls
 a - 2 scrolls of identify
 g - 9 scrolls of remove curse
 i - 13 scrolls of teleportation
 m - 4 scrolls of fog
 r - 7 scrolls of magic mapping
 A - 2 scrolls of random uselessness
 B - a scroll of holy word
 K - 3 scrolls of blinking
 L - a scroll of fear
 N - 3 scrolls of enchant armour
Potions
 h - 2 potions of invisibility
 j - 3 potions of haste
 l - 5 potions of flight
 s - 2 potions of magic
 z - 2 potions of cancellation
 C - 3 potions of heal wounds
 M - 3 potions of brilliance
 O - a potion of ambrosia
 P - a potion of agility
 Q - a potion of resistance
 R - 4 potions of curing
 Z - 2 potions of berserk rage
Miscellaneous
 D - a phial of floods
 U - a lightning rod (4/4)
Comestibles
 f - 33 rations


   Skills:
 - Level 10.0 Fighting
 * Level 20.2 Long Blades
 - Level 2.0 Throwing
 - Level 10.7 Armour
 * Level 18.8 Dodging
 + Level 9.1 Evocations


You had 15 spell levels left.
You didn't know any spells.

Dungeon Overview and Level Annotations

Branches:
Dungeon (15/15)            Temple (0/1) D:6            Lair (6/6) D:9
  Swamp (3/4) Lair:3       Spider (0/4) Lair:2        Slime (0/5) Lair:5
    Orc (2/2) D:10            Elf (0/3) Orc:2        Vaults (0/5) D:14
 Depths (0/5) D:15

Altars:
Elyvilon
Fedhas
Gozag
Kikubaaqudgha
Makhleb
Okawaru
Ru
Sif Muna
Trog
Uskayaw
Vehumet
Wu Jian
Beogh
Jiyva

Shops:
D:9 (   D:11 %   D:14 *   Orc:2 [[}?   Lair:5 [

Annotations:
Swamp:3 Louise


Innate Abilities, Weirdness & Mutations

You reflexively headbutt those who attack you in melee.
You have a pair of horns on your head.
You are agile. (Dex +2)
You are covered in fur. (AC +1)
Your muscles are strong. (Str +2)


Message History

You destroy the bog body!
The iceblast engulfs the insubstantial wisp.
The insubstantial wisp partially resists.
The insubstantial wisp is heavily damaged.
You hear a chilling moan.
An alligator, an insubstantial wisp and Louise come into view.
Louise is wielding a demon trident of venom.
The alligator puts on a burst of speed!
Louise mumbles some strange words.
Louise blinks!
You climb upwards.
The thorn hunter fires a volley of thorns at you.
The volley of thorns hits you!
* * * LOW HITPOINT WARNING * * *
There is a stone staircase leading down here.
The thorn hunter hits the briar patch. x2
The thorn hunter fires a volley of thorns at you.
The volley of thorns hits you!
You die...
Your body crumbles into a pile of gold.

♣♣♣.≈≈≈.≈≈≈≈≈♣
♣♣≈...≈≈.≈.♣..♣ ≈
♣§≈≈≈≈≈≈≈....♣♣ §.
♣♣.≈.≈≈≈<≈≈≈≈.♣
♣§.♣..≈?♣≈≈.≈≈≈≈♣♣
.≈....P.....≈.≈♣♣
♣..≈≈PP≈♣≈≈≈≈≈♣♣
♣.≈♣♣P≈≈.>.♣♣♣
♣..P..@.♣♣♣
♣♣.♣P>♣♣♣ ♣.PP♣♣
♣♣f♣♣ ♣♣


You could see a thorn hunter.

Vanquished Creatures
  Frances (D:14)
  2 entropy weavers (Lair:5)
  A white draconian (IceCv)
  Snorg (Lair:3)
  The ghost of Ethylacetat the Martial Artist, a journeyman DsCK of Xom (D:12)
  Harold (D:11)
  Erolcha (Orc:2)
  A catoblepas (Lair:6)
  4 vault guards
  2 ghost crabs (Swamp:2)
  Fannar (D:11)
  9 hydras
  3 ogre magi
  A centaur warrior (D:14)
  3 alligators (Swamp:1)
  4 tengu warriors
  A deep troll shaman (Lair:6)
  12 two-headed ogres
  A queen ant (Lair:6)
  10 death yaks
  4 spriggans (Swamp:1)
  Nergalle (Orc:2)
  A sun demon (D:13)
  4 skeletal warriors (D:14)
  An unseen horror (D:13)
  4 swamp dragons (Swamp:1)
  A shambling mangrove (Swamp:1)
  A glowing orange brain (shapeshifter) (D:15)
  A glowing orange brain (D:15)
  4 orc knights
  A lindwurm (Lair:6)
  6 orc sorcerers (Orc:2)
  19 ugly things
  2 cyclopes
  A torpor snail (Lair:6)
  3 black mambas
  Maurice (D:8)
  4 elephants (Lair:6)
  5 gargoyles
  15 spiny frogs
  7 centaur skeletons
  2 ice statues (IceCv)
  Psyche (D:11)
  A rime drake (Lair:5)
  9 komodo dragons
  A kobold demonologist (D:9)
  A freezing wraith (D:15)
  3 tengu conjurers
  A merfolk (D:10)
  An ice devil (D:13)
  3 tyrant leeches (Swamp:1)
  18 polar bears
  3 meliai (D:12)
  7 hornets (Swamp:1)
  6 trolls
  A wolf spider simulacrum (D:15)
  Prince Ribbit (D:5)
  10 hippogriffs
  A slime creature (shapeshifter) (D:14)
  9 slime creatures
  11 dream sheep
  17 blink frogs
  3 bog bodies
  31 yaks
  A vampire (D:14)
  3 redbacks (Lair:2)
  A wyvern (Lair:5)
  3 basilisks
  A wraith (D:11)
  2 hungry ghosts
  Grum (D:8)
  8 vampire mosquitoes
  Edmund (D:5)
  A warg (Orc:2)
  4 insubstantial wisps (Swamp:1)
  6 swamp worms
  2 water moccasins (Lair:6)
  3 acid dragons
  16 soldier ants
  7 porcupines
  5 swamp drakes
  5 ice beasts
  27 orc warriors
  3 sky beasts
  An eye of draining (D:11)
  2 black bears
  19 ogres
  3 necrophages
  35 wolves
  3 boggarts (D:15)
  5 centaurs
  5 crocodiles
  6 big kobolds
  16 bullfrogs
  A gnoll sergeant (D:10)
  A wyvern zombie (D:11)
  A water moccasin skeleton (D:6)
  3 scorpions
  8 killer bees
  12 wights
  3 centaur zombies
  4 electric eels
  A howler monkey (D:12)
  11 crimson imps
  3 quasits
  6 hounds
  18 orc priests
  4 jellies
  4 bullfrog skeletons
  A bullfrog zombie (D:12)
  5 iguanas
  34 orc wizards
  36 worker ants
  A killer bee zombie (D:8)
  A hound skeleton (D:7)
  A howler monkey skeleton (D:4)
  15 gnolls
  12 adders
  6 shadow imps
  4 white imps (D:13)
  An adder skeleton (D:8)
  3 worms
  A dart slug (D:5)
  5 leopard geckos
  103 orcs
  9 giant cockroaches
  13 goblins
  7 hobgoblins
  5 jackals
  14 kobolds
  9 quokkas
  2 ball pythons
  5 bats
  5 frilled lizards
  A leopard gecko skeleton (D:4)
  8 rats
  A briar patch (Swamp:2)
870 creatures vanquished.

Vanquished Creatures (others)
  A hornet (Swamp:2)
  A spriggan (Swamp:2)
  An orc (Orc:2)
  6 fungi
  A plant (Lair:6)
10 creatures vanquished.

Grand Total: 880 creatures vanquished

Notes
Turn   | Place    | Note
-------+----------+-------------------------------------------
     0 | D:1      | diana the Minotaur Gladiator began the quest for the Orb.
     0 | D:1      | Reached XP level 1. HP: 18/18 MP: 0/0
   129 | D:1      | Reached skill level 4 in Long Blades
   129 | D:1      | Reached XP level 2. HP: 21/25 MP: 1/1
   982 | D:2      | Reached XP level 3. HP: 30/30 MP: 2/2
  1285 | D:2      | Found an ornate altar of the Wu Jian Council.
  1632 | D:2      | Reached skill level 5 in Long Blades
  1632 | D:2      | Reached XP level 4. HP: 35/37 MP: 3/3
  2078 | D:3      | Noticed a necrophage
  2091 | D:3      | Killed a necrophage
  2091 | D:3      | Reached skill level 6 in Long Blades
  2091 | D:3      | Reached skill level 5 in Dodging
  2091 | D:3      | Reached XP level 5. HP: 27/39 MP: 4/4
  2500 | D:4      | Reached XP level 6. HP: 45/47 MP: 5/5
  2877 | D:4      | Found a sacrificial altar of Ru.
  3024 | D:4      | Found a bloodstained altar of Trog.
  3024 | D:4      | Found a blossoming altar of Fedhas.
  3028 | D:4      | Found a burning altar of Makhleb.
  3028 | D:4      | Found an opulent altar of Gozag.
  3077 | D:4      | Became a worshipper of Gozag Ym Sagoz the Greedy
  3148 | D:5      | Entered Level 5 of the Dungeon
  3188 | D:5      | Reached skill level 7 in Long Blades
  3237 | D:5      | Reached XP level 7. HP: 43/53 MP: 6/6
  3311 | D:5      | Noticed Edmund
  3317 | D:5      | Killed Edmund
  3317 | D:5      | Reached skill level 8 in Long Blades
  3374 | D:5      | Noticed Prince Ribbit
  3615 | D:6      | Reached XP level 8. HP: 28/59 MP: 7/7
  3652 | D:6      | Found a staircase to the Ecumenical Temple.
  3678 | D:6      | Got a dazzling rapier
  3679 | D:6      | Identified the +4 rapier "Wisiof" {antimagic, rPois Dex+7} (You found it on level 6 of the Dungeon)
  3725 | D:6      | Reached skill level 9 in Long Blades
  3845 | D:6      | Found a white marble altar of Elyvilon.
  3872 | D:6      | Found an iron altar of Okawaru.
  3966 | D:5      | Killed Prince Ribbit
  4285 | D:7      | Found a hide-covered altar of Uskayaw.
  4292 | D:7      | Reached skill level 10 in Long Blades
  4433 | D:7      | Reached XP level 9. HP: 62/65 MP: 2/8
  4618 | D:7      | Reached skill level 10 in Dodging
  4643 | D:7      | Reached skill level 11 in Long Blades
  5384 | D:8      | Noticed Grum
  5747 | D:9      | Noticed a kobold demonologist
  5766 | D:8      | Reached skill level 12 in Long Blades
  5774 | D:9      | Noticed a soul eater
  5850 | D:9      | Killed a kobold demonologist
  5989 | D:9      | Noticed a death yak
  6000 | D:9      | Noticed a death yak
  6000 | D:9      | Noticed a death yak
  6002 | D:9      | Noticed a death yak
  6046 | D:8      | Reached XP level 10. HP: 71/71 MP: 3/9
  6048 | D:8      | Noticed Maurice
  6055 | D:8      | Killed Grum
  6072 | D:8      | Killed Maurice
  6551 | D:10     | Entered Level 10 of the Dungeon
  6551 | D:10     | Noticed a gargoyle
  6560 | D:10     | Killed a gargoyle
  6560 | D:10     | Reached skill level 13 in Long Blades
  6568 | D:10     | Noticed a gargoyle
  6580 | D:10     | Killed a gargoyle
  6807 | D:10     | Noticed a two-headed ogre
  6816 | D:10     | Killed a two-headed ogre
  6875 | D:10     | Noticed an orc knight
  6879 | D:10     | Noticed an orc knight
  7153 | D:10     | Reached skill level 14 in Long Blades
  7277 | D:10     | Killed an orc knight
  7296 | D:10     | Reached XP level 11. HP: 52/80 MP: 3/10
  7328 | D:11     | Noticed a two-headed ogre
  7328 | D:11     | Noticed Fannar
  7403 | D:10     | Noticed an orc knight
  7438 | D:11     | Noticed Harold
  7452 | D:11     | Killed Harold
  7456 | D:11     | Noticed Psyche
  7636 | D:9      | Killed a death yak
  7647 | D:9      | Killed a death yak
  7675 | D:9      | Killed a death yak
  7787 | D:9      | Found a staircase to the Lair.
  7965 | D:9      | Reached skill level 15 in Long Blades
  8081 | D:10     | Killed an orc knight
  8081 | D:10     | Reached skill level 1 in Armour
  8116 | D:10     | Found a roughly hewn altar of Beogh.
  8118 | D:10     | Found a staircase to the Orcish Mines.
  8219 | D:11     | Reached skill level 1 in Evocations
  8261 | D:11     | Killed Fannar
  8297 | D:11     | Noticed a green ugly thing
  8317 | D:11     | Killed a green ugly thing
  8322 | D:11     | Killed Psyche
  8389 | D:11     | Found Kosoilil's Food Emporium.
  8448 | D:11     | Bought a ration for 70 gold pieces
  8448 | D:11     | Bought a ration for 70 gold pieces
  8448 | D:11     | Bought a ration for 70 gold pieces
  8448 | D:11     | Bought a ration for 70 gold pieces
  8448 | D:11     | Bought a ration for 70 gold pieces
  8506 | D:11     | Noticed a brown ugly thing
  8523 | D:11     | Killed a brown ugly thing
  8591 | D:11     | Killed a two-headed ogre
  8591 | D:11     | Reached XP level 12. HP: 56/92 MP: 3/13
  8808 | D:12     | Noticed Ethylacetat's ghost (journeyman DsCK)
  8937 | D:12     | Noticed a two-headed ogre
  8961 | D:12     | Killed a two-headed ogre
  8961 | D:12     | Reached skill level 5 in Fighting
  9249 | Lair:1   | Entered Level 1 of the Lair of Beasts
  9576 | Lair:1   | Reached skill level 5 in Armour
  9835 | Lair:1   | Found a frozen archway.
  9852 | IceCv    | Entered an ice cave
  9954 | IceCv    | Reached skill level 16 in Long Blades
 10667 | IceCv    | Noticed a white draconian
 10694 | IceCv    | Reached skill level 15 in Dodging
 10703 | IceCv    | Killed a white draconian
 11082 | IceCv    | Reached XP level 13. HP: 39/104 MP: 5/15
 11320 | Lair:1   | You fall through a shaft!
 11377 | Lair:2   | Found a hole to the Spider Nest.
 12175 | Lair:3   | Reached skill level 5 in Evocations
 12349 | Lair:3   | Noticed Snorg
 12382 | Lair:3   | Killed Snorg
 12472 | Lair:3   | Found a staircase to the Swamp.
 13484 | Lair:4   | Reached skill level 17 in Long Blades
 14281 | Lair:5   | Found a staircase to the Slime Pits.
 14282 | Lair:5   | Found a viscous altar of Jiyva.
 14819 | Lair:6   | Entered Level 6 of the Lair of Beasts
 15063 | Lair:6   | Noticed an entropy weaver
 15138 | Lair:6   | Noticed an entropy weaver
 15333 | Lair:5   | Bought a glowing cloak for 180 gold pieces
 15333 | Lair:5   | Bought a pair of glowing gloves for 180 gold pieces
 15333 | Lair:5   | Bought a glowing cloak for 180 gold pieces
 15379 | Lair:5   | Bought a faintly glowing robe for 136 gold pieces
 15389 | Lair:5   | Identified the +1 robe "Peggod Qygh" {rPois rCorr Int+3} (You bought it in a shop on level 5 of the Lair of Beasts)
 15524 | Lair:5   | Killed an entropy weaver
 15524 | Lair:5   | Reached XP level 14. HP: 41/116 MP: 5/17
 15536 | Lair:5   | Killed an entropy weaver
 16376 | Lair:6   | Gained mutation: You are covered in fur. (AC +1) [potion of mutation]
 16376 | Lair:6   | Gained mutation: You are somewhat resistant to further mutation. [potion of mutation]
 16377 | Lair:6   | Lost mutation: You are somewhat resistant to further mutation. [potion of mutation]
 16377 | Lair:6   | Gained mutation: Your muscles are strong. (Str +2) [potion of mutation]
 16377 | Lair:6   | Gained mutation: You are agile. (Dex +2) [potion of mutation]
 16797 | Lair:6   | Reached skill level 18 in Long Blades
 17433 | Orc:1    | Entered Level 1 of the Orcish Mines
 17832 | Orc:2    | Entered Level 2 of the Orcish Mines
 17927 | Orc:2    | Found a staircase to the Elven Halls.
 18208 | Orc:2    | Found Guilacyoq's Antique Armour Boutique.
 18232 | Orc:2    | Bought the +0 mask of the Dragon {MR+ Slay+3 SInv} for 1102 gold pieces
 18232 | Orc:2    | Found the +0 mask of the Dragon {MR+ Slay+3 SInv}
 18232 | Orc:2    | Bought a pair of embroidered gloves for 247 gold pieces
 18254 | Orc:2    | Bought an ichor-stained hat for 297 gold pieces
 18264 | Orc:2    | Identified the +0 hat "Hosyt" {rN+ MR+ rCorr} (You bought it in a shop on level 2 of the Orcish Mines)
 18287 | Orc:2    | Found a radiant altar of Vehumet.
 18288 | Orc:2    | Noticed Erolcha
 18298 | Orc:2    | Killed Erolcha
 18327 | Orc:2    | Noticed Nergalle
 18353 | Orc:2    | Killed Nergalle
 18392 | Orc:2    | Found an ancient bone altar of Kikubaaqudgha.
 18397 | Orc:2    | Found Gizaduz's Gadget Boutique.
 18442 | Orc:2    | Found Mowikask's Magic Scroll Shop.
 18464 | Orc:2    | Bought a scroll of holy word for 97 gold pieces
 18464 | Orc:2    | Bought a scroll of identify for 26 gold pieces
 18464 | Orc:2    | Bought a scroll of enchant armour for 97 gold pieces
 18464 | Orc:2    | Bought a scroll of identify for 26 gold pieces
 18464 | Orc:2    | Bought a scroll of enchant armour for 97 gold pieces
 18464 | Orc:2    | Bought a scroll of remove curse for 39 gold pieces
 18464 | Orc:2    | Bought a scroll of magic mapping for 45 gold pieces
 18464 | Orc:2    | Bought a scroll of teleportation for 39 gold pieces
 18489 | Orc:2    | Found a roughly hewn altar of Beogh.
 18544 | Orc:2    | Found Ucoxzakk's Antique Armour Shop.
 18953 | Orc:1    | Found a roughly hewn altar of Beogh.
 19082 | Orc:1    | Found a roughly hewn altar of Beogh.
 19324 | D:12     | Found a sacrificial altar of Ru.
 19395 | D:12     | Killed Ethylacetat's ghost
 19703 | D:12     | Reached skill level 10 in Fighting
 19703 | D:12     | Reached XP level 15. HP: 124/126 MP: 6/19
 20105 | D:11     | Bought a ration for 70 gold pieces
 20105 | D:11     | Bought a ration for 70 gold pieces
 20105 | D:11     | Bought a ration for 70 gold pieces
 20105 | D:11     | Bought a ration for 70 gold pieces
 20105 | D:11     | Bought a ration for 70 gold pieces
 20105 | D:11     | Bought a ration for 70 gold pieces
 20484 | D:13     | Got a distressingly furry robe
 20495 | D:13     | Identified the +0 robe "Anlag" {Dex+3 Stlth+} (You found it on level 13 of the Dungeon)
 21328 | D:14     | Noticed Frances
 21347 | D:14     | Found Jamnul's General Store.
 21534 | D:14     | Reached skill level 10 in Armour
 21684 | D:14     | Reached skill level 19 in Long Blades
 21727 | D:14     | Bought a +2 triple sword of slicing for 405 gold pieces
 21821 | D:14     | Found a gate to the Vaults.
 22145 | D:14     | Got a smoking leather armour
 22156 | D:14     | Identified the cursed +1 leather armour of Makhleb's Vengeance {rC+ MP+9} (You found it on level 14 of the Dungeon)
 22361 | D:14     | Killed Frances
 22435 | D:15     | Entered Level 15 of the Dungeon
 22515 | D:15     | Found a deep blue altar of Sif Muna.
 23012 | D:15     | Found a staircase to the Depths.
 23036 | D:15     | Reached XP level 16. HP: 134/134 MP: 21/21
 23567 | Swamp:1  | Entered Level 1 of the Swamp
 24474 | Swamp:1  | Reached skill level 20 in Long Blades
 24989 | Swamp:2  | Noticed a thorn hunter
 24999 | Swamp:3  | Noticed Louise
 25001 | Swamp:2  | Killed from afar by a thorn hunter

Skill      XL: |  1  2  3  4  5  6  7  8  9 10 11 12 13 14 15 16 |
---------------+-------------------------------------------------+-----
Long Blades    | 4 5 6 7 8 10 12 14 15 16 17 18 19 20 | 20.2
Dodging        | 4 5 6 7 9 11 13 14 15 16 17 18 | 18.8
Armour         | 3 6 8 9 10 | 10.7
Fighting       | 4 6 8 10 | 10.0
Evocations     | 2 4 6 7 8 9 |  9.1
Throwing       | |  2.0

Action                   |  1- 3 |  4- 6 |  7- 9 | 10-12 | 13-15 | 16-18 || total
-------------------------+-------+-------+-------+-------+-------+-------++-------
Melee: Long sword        |    80 |   123 |    58 |       |       |       ||   261
       Headbutt          |    15 |    34 |    78 |   306 |   683 |    56 ||  1172
       Rapier            |       |       |   212 |   866 |  1536 |    14 ||  2628
       Triple sword      |       |       |       |       |   170 |   140 ||   310
Throw: Throwing net      |       |       |     1 |     1 |     1 |       ||     3
Invok: Call Merchant     |       |       |     1 |       |     1 |       ||     2
       Potion Petition   |       |       |       |     2 |       |       ||     2
Evoke: Wand              |       |       |       |    12 |     6 |     2 ||    20
       Lightning rod     |       |       |       |       |     8 |       ||     8
  Use: Scroll            |       |       |     8 |     3 |     9 |    13 ||    33
       Potion            |       |       |       |     9 |    10 |       ||    19
 Stab: Sleeping          |     1 |       |       |     1 |     2 |       ||     4
       Distracted        |       |       |     1 |    10 |    13 |       ||    24
       Invisible         |       |       |       |     6 |       |       ||     6
       Held in net/web   |       |       |       |     1 |       |       ||     1
       Petrified         |       |       |       |       |     3 |       ||     3
  Eat: Chunk             |     1 |     4 |       |       |       |       ||     5
       Ration            |       |     1 |     2 |     6 |    11 |     2 ||    22
Armor: Leather armour    |    19 |    10 |       |       |     1 |       ||    30
       Scale mail        |       |    28 |    83 |   174 |   321 |    78 ||   684
       Skin              |       |       |       |     1 |       |       ||     1
Dodge: Dodged            |    66 |    95 |   233 |   782 |  1414 |   249 ||  2839
       Rpst.: Long sword |    20 |    32 |     8 |       |       |       ||    60
       Triple sword      |       |       |       |       |    41 |    46 ||    87
